 Dungeon Crawl Stone Soup version 0.19.0-23-gf02e663 (console) character file.

1516 Eviona the Destroyer (level 8, -3/41 HPs)
             Began as a Deep Elf Conjurer on Nov 19, 2016.
             Was a Follower of Sif Muna.
             Killed from afar by an orc wizard (11 damage)
             ... with a puff of flame
             ... on level 6 of the Dungeon.
             The game lasted 00:13:24 (6763 turns).

Eviona the Destroyer (Deep Elf Conjurer)            Turns: 6763, Time: 00:13:25

Health: -3/41      AC:  4    Str:  5    XL:     8   Next: 54%
Magic:  7/14       EV: 13    Int: 23    God:    Sif Muna [*.....]
Gold:   380        SH:  0    Dex: 15    Spells: 5 memorised, 0 levels left

rFire  . . .     SeeInvis .     (no weapon)
rCold  + . .     Gourm    .     t - +1 robe {rC+}
rNeg   . . .     Faith    .     (no shield)
rPois  .         Spirit   .     (no helmet)
rElec  .         Reflect  .     k - +0 cloak
rCorr  .         Harm     .     (no gloves)
MR     .....                    (no boots)
Stlth  +.........               (no amulet)
                                (no ring)
                                (no ring)

@: confused
A: no striking features
a: Divine Energy, Renounce Religion


You were on level 6 of the Dungeon.
You worshipped Sif Muna.
Sif Muna was aware of your devotion.
You were hungry.

You visited 2 branches of the dungeon, and saw 7 of its levels.

You collected 380 gold pieces.

Inventory:

Hand Weapons
 q - a cursed -3 dagger
Missiles
 B - 2 throwing nets (quivered)
Armour
 k - a +0 cloak (worn)
 t - a +1 robe of cold resistance (worn)
Jewellery
 o - a +2 ring of intelligence {unknown}
 p - a cursed ring of loudness {unknown}
 J - an uncursed ring of poison resistance {unknown}
Wands
 H - a wand of enslavement (15/24)
Scrolls
 a - 2 scrolls of magic mapping {unknown}
 e - a scroll of random uselessness {unknown}
 f - 7 scrolls of identify {unknown}
 i - a scroll of fear {unknown}
 j - 4 scrolls of blinking {unknown}
 l - 2 scrolls of enchant armour {unknown}
 s - 3 scrolls of remove curse {unknown}
 w - a scroll of immolation {unknown}
 y - 2 scrolls of teleportation {unknown}
 I - 2 scrolls of amnesia {unknown}
Potions
 g - 3 potions of ambrosia {unknown}
 h - a potion of mutation {unknown}
 m - 3 potions of cure mutation {unknown}
 n - a potion of lignification {unknown}
 r - 4 potions of might
 u - a potion of brilliance {unknown}
 x - 2 potions of invisibility {unknown}
 z - 2 potions of curing {unknown}
 C - a potion of magic {unknown}
 E - a potion of heal wounds {unknown}
Books
 b - a book of Conjurations

   Spells                             Type                      Level
   a - Magic Dart                     Conjuration                  1
   b - Searing Ray                    Conjuration                  2
   c - Dazzling Spray                 Conjuration/Hexes            3
   d - Fulminant Prism                Conjuration/Hexes            4
   e - Iskenderun's Mystic Blast      Conjuration                  4
   f - Iskenderun's Battlesphere      Conjuration/Charms           5
 F - a book of Geomancy

   Spells                             Type                      Level
   a - Sandblast                      Earth                        1
   b - Passwall                       Transmutation/Earth          2
   c - Stone Arrow                    Conjuration/Earth            3
   d - Petrify                        Transmutation/Earth          4
   e - Lee's Rapid Deconstruction     Earth                        5
 G - a book of Minor Magic

   Spells                             Type                      Level
   a - Magic Dart                     Conjuration                  1
   b - Blink                          Translocation                2
   c - Call Imp                       Summoning                    2
   d - Repel Missiles                 Charms/Air                   2
   e - Slow                           Hexes                        2
   f - Conjure Flame                  Conjuration/Fire             3
   g - Mephitic Cloud                 Conjuration/Poison/Air       3
Comestibles
 c - 4 bread rations
 d - 2 slices of pizza
 v - 2 meat rations
 A - a royal jelly
 D - a beef jerky


   Skills:
 - Level 2.4 Dodging
 - Level 2.4 Stealth
 - Level 3.0 Spellcasting
 + Level 11.6 Conjurations
 - Level 5.1 Charms


You couldn't memorise any spells.
You knew the following spells:

 Your Spells              Type           Power        Failure   Level  Hunger
a - Magic Dart            Conj           ####         1%          1    None
b - Searing Ray           Conj           ######       1%          2    ##.....
c - Iskenderun's Battles  Conj/Chrm      #####...     12%         5    ######.
d - Blink                 Tloc           N/A          21%         2    ##.....
e - Mephitic Cloud        Conj/Pois/Air  ###.....     10%         3    ###....


Dungeon Overview and Level Annotations

Branches:
Dungeon (6/15)             Temple (1/1) D:5

Altars:
Ashenzari
Cheibriados
Elyvilon
Fedhas
Gozag
Hepliaklqana
Kikubaaqudgha
Makhleb
Okawaru
Qazlal
Ru
Sif Muna
Trog
Vehumet
Xom
Yredelemnul
Zin
The Shining One

Shops:
D:4 [   D:6 *

Annotations:
D:3 Grinder


Message History

Casting: Magic Dart
Confirm with . or Enter, or press ? or * to list all spells.
Aiming: Magic Dart
Press: ? - help, Shift-Dir - straight line, f/p - orc wizard
Aim: an orc wizard, wielding a dagger of speed and wearing a robe (severely wounded)
The magic dart hits the orc wizard.
The orc wizard is almost dead.
The orc wizard gestures at you while chanting.
The puff of flame hits you!
* * * LOW HITPOINT WARNING * * *
You are confused.
You're too confused to cast spells.
You're too confused!
Unknown command.
You're too confused to move!
The orc wizard hits you with a dagger of speed.
* * * LOW HITPOINT WARNING * * *
A puff of flame appears from out of thin air!
The puff of flame hits you!
You die...

..............#..####............
.).........##.......#.........##.
......#...........#.#............
.......[#.......#.........{..##..
..).......#...#......##########..
............#........# #{.
##..#.......#........# #..
#..#.....#...#......# #######..
#......#.......#....####........
##.#.#..........o#.{.....####...
#.#.......##..@...#..#### #..##
#..#.#............#..# #.##
##.#...........)..#..# ##.#
#................#..# ##).#
##.#.#........#.....# ##.O##
#####.#.#..............###..## #
#..................#....##.## ##
#.............(....###..#..# ##<
#.................## #.....## #..
#.............(...####.#....###..
#..............(.................


You could see an orc wizard.

Vanquished Creatures
  2 ice beasts
  A sky beast (D:5)
  An orc warrior (D:6)
  A phantom (D:6)
  4 scorpions
  A crimson imp (D:6)
  A bullfrog zombie (D:6)
  2 hounds
  An orc priest (D:6)
  A centaur skeleton (D:5)
  2 jellies (D:6)
  6 orc wizards
  Ijyb (D:3)
  3 iguanas
  2 worker ants
  7 gnolls
  11 adders
  A shadow imp (D:6)
  An ooze (D:3)
  An adder skeleton (D:4)
  A worm (D:2)
  3 dart slugs (D:2)
  A leopard gecko (D:1)
  13 orcs
  4 giant cockroaches
  8 goblins
  8 hobgoblins
  13 jackals
  2 quokkas
  A ball python (D:1)
  7 bats
  4 frilled lizards
  10 kobolds
  7 rats
132 creatures vanquished.

Vanquished Creatures (others)
  An orc (D:5)
1 creature vanquished.

Grand Total: 133 creatures vanquished

Notes
Turn   | Place    | Note
-------+----------+-------------------------------------------
     0 | D:1      | Eviona the Deep Elf Conjurer began the quest for the Orb.
     0 | D:1      | Reached XP level 1. HP: 10/10 MP: 6/6
   183 | D:1      | Reached XP level 2. HP: 15/15 MP: 6/8
   288 | D:1      | Reached skill level 5 in Conjurations
   750 | D:2      | Learned a level 2 spell: Searing Ray
   791 | D:2      | Reached XP level 3. HP: 19/19 MP: 1/9
   880 | D:2      | Found a shimmering altar of Xom.
   885 | D:2      | Found an iron altar of Okawaru.
   886 | D:2      | Found a stormy altar of Qazlal.
  1024 | D:2      | Found an ancient bone altar of Kikubaaqudgha.
  1025 | D:2      | Found a sacrificial altar of Ru.
  1148 | D:2      | Reached skill level 6 in Conjurations
  1305 | D:2      | Reached XP level 4. HP: 19/24 MP: 6/10
  1965 | D:2      | Found a glowing silver altar of Zin.
  2250 | D:3      | Noticed Ijyb
  2254 | D:3      | Killed Ijyb
  2334 | D:3      | Reached skill level 7 in Conjurations
  2334 | D:3      | Reached XP level 5. HP: 26/28 MP: 7/11
  2408 | D:3      | Learned a level 5 spell: Iskenderun's Battlesphere
  2528 | D:3      | Reached skill level 1 in Charms
  2730 | D:3      | Noticed Grinder
  3399 | D:4      | Reached XP level 6. HP: 32/32 MP: 5/12
  3408 | D:4      | Reached skill level 5 in Charms
  3554 | D:4      | Found Afagas's Armour Boutique.
  3857 | D:4      | Found a faded altar of an unknown god.
  3857 | D:4      | Found a faded altar of an unknown god.
  3862 | D:4      | Found a hazy altar of Hepliaklqana.
  3864 | D:4      | Found a faded altar of an unknown god.
  3865 | D:4      | Found a faded altar of an unknown god.
  3922 | D:5      | Entered Level 5 of the Dungeon
  4154 | D:5      | Reached skill level 8 in Conjurations
  4456 | D:5      | Reached XP level 7. HP: 36/36 MP: 9/13
  4855 | D:5      | Reached skill level 9 in Conjurations
  5222 | D:5      | Found a staircase to the Ecumenical Temple.
  5231 | Temple   | Entered the Ecumenical Temple
  5404 | Temple   | Became a worshipper of Sif Muna the Loreminder
  5824 | D:6      | Reached skill level 10 in Conjurations
  5872 | D:6      | Reached XP level 8. HP: 41/41 MP: 2/14
  6024 | D:6      | Learned a level 2 spell: Blink
  6028 | D:6      | Learned a level 3 spell: Mephitic Cloud
  6069 | D:6      | Found Daacruewiu's Assorted Antiques.
  6291 | D:6      | Reached skill level 11 in Conjurations
  6293 | D:6      | Reached * piety under Sif Muna
  6763 | D:6      | Killed from afar by an orc wizard

Skill      XL: |  1  2  3  4  5  6  7  8 |
---------------+-------------------------+-----
Conjurations   | 5 6 7 8 10 11 | 11.6
Charms         | 4 5 |  5.1
Dodging        | |  2.4
Stealth        | |  2.4
Spellcasting   | |  3.0

Action                   |  1- 3 |  4- 6 |  7- 9 || total
-------------------------+-------+-------+-------++-------
Melee: Unarmed           |       |       |     1 ||     1
 Cast: Magic Dart        |    60 |   111 |    79 ||   250
       Searing Ray       |     5 |    19 |     8 ||    32
       Iskenderun's Batt |       |     1 |    12 ||    13
  Eat: Chunk             |     1 |    11 |    10 ||    22
       Beef jerky        |       |       |     1 ||     1
Armor: Robe              |     1 |     4 |     9 ||    14
Dodge: Dodged            |    10 |    21 |    13 ||    44
